 Dungeon Crawl Stone Soup version 0.30-a0-12-gd8047c6341 (webtiles) character file.

Game seed: 16945780913561295609

315 rubashov the Magician (level 6, -7/43 HPs)
             Began as a Djinni Fire Elementalist on Aug 23, 2022.
             Was an Initiate of Ashenzari.
             Shot with an arrow by a centaur (16 damage)
             ... on level 4 of the Dungeon.
             The game lasted 00:11:17 (4686 turns).

rubashov the Magician (Djinni Fire Elementalist)    Turns: 4686, Time: 00:11:19

Health: -7/43      AC:  2    Str:  7    XL:     6   Next: 72%
Gold:   190        EV: 13    Int: 18    God:    Ashenzari [......] SH:  0 Dex: 14

rFire   + + .      SeeInvis .    b - +0 dagger (venom)
rCold   x . .      Faith    .    (no shield)
rNeg    . . .      Spirit   .    a - +0 robe
rPois   ∞          Reflect  .    (no helmet)
rElec   .          Harm     .    (no cloak)
rCorr   .          Rampage  .    (no gloves)
Will    .....                    (boots unavailable)
Stlth   ++........               (no amulet)
HPRegen 0.14/turn                (no ring)
MPRegen 0.00/turn                (no ring)

@: flying, very slightly contaminated
A: sickness immunity, fire resistance 2, cold vulnerability 1, float, innate
caster, HP casting, extra vitality 1
a: Renounce Religion, Curse Item


You were on level 4 of the Dungeon.
You worshipped Ashenzari.
Ashenzari was noncommittal.
You visited 1 branch of the dungeon, and saw 4 of its levels.

You collected 190 gold pieces.

Inventory:

Hand Weapons
 b - a +0 dagger of venom (weapon)
 p - a +1 vampiric short sword
Missiles
 e - 23 stones
Armour
 a - a +0 robe (worn)
Scrolls
 l - a scroll of blinking {unknown}
 o - a scroll of amnesia {unknown}
Potions
 c - a potion of might
 d - a potion of cancellation
 f - a potion of heal wounds {unknown}
 g - a potion of magic {unknown}
 h - a potion of curing
 i - a potion of haste {unknown}
 j - a potion of attraction {unknown}
 k - 2 potions of flight
 m - 2 potions of brilliance
 n - a potion of lignification {unknown}


   Skills:
 * Level 1.6 Fighting
 * Level 3.4 Dodging
 - Level 1.5 Stealth
 * Level 4.8 Spellcasting


You couldn't memorise any spells.
You knew the following spells:

 Your Spells              Type           Power      Damage    Failure   Level
a - Foxfire               Conj/Fire      84%        2x1d8     1%          1
b - Scorch                Fire           42%        2d7       2%          2
c - Conjure Flame         Conj/Fire      21%        6-21      5%          3
d - Inner Flame           Hex/Fire       21%        N/A       5%          3
e - Flame Wave            Conj/Fire      21%        2d8       19%         4
f - Summon Small Mammal   Summ           84%        N/A       1%          1
g - Static Discharge      Conj/Air       21%        3-6/arc   2%          2
Your spell library was empty.

Dungeon Overview and Level Annotations

Branches:
Dungeon (4/15)
 Temple: D:4-7

Altars:
Ashenzari
Makhleb
Okawaru


Innate Abilities, Weirdness & Mutations

You are immune to sickness and miasma.
You are immune to poison.
Your flesh is very heat resistant. (rF++)
You are vulnerable to cold. (rC-)
You float through the air rather than walking.
You learn spells naturally, not from books.
Your magical power is your life essence.
You have superior vitality. (+4 MHP)


Message History

q - a scroll of identify
As you read the scroll of identify, it crumbles to dust.
d - a potion of cancellation An orc comes into view.
It is wielding a +0 war axe.
Found a robe and a club.
The orc shouts!
An orc comes into view. It is wielding a +0 mace.
An orc comes into view. It is wielding a +0 hand axe.
Casting: Scorch (safe; 2% risk of failure)
Confirm with . or Enter, or press ? or * to list all spells.
Flames lash the orc.
The orc is almost dead.
The orc's fire resistance burns away.
The orc shouts! x2
Casting: Scorch (safe; 2% risk of failure)
Confirm with . or Enter, or press ? or * to list all spells.
Flames lash the orc.
The orc is burned terribly!
You kill the orc!
A centaur comes into view.
The centaur wields a +0 shortbow.
The centaur shoots an arrow.
The arrow misses you.
The centaur shoots an arrow.
The arrow hits you.
You start resting.
A centaur is nearby!
Casting: Scorch (safe; 2% risk of failure)
Confirm with . or Enter, or press ? or * to list all spells.
Flames lash the centaur.
The centaur is lightly wounded.
The centaur's fire resistance burns away.
The centaur shoots an arrow.
The arrow hits you!
The centaur shoots an arrow.
The arrow hits you!
* * * LOW HITPOINT WARNING * * *
Casting: Scorch (safe; 2% risk of failure)
Confirm with . or Enter, or press ? or * to list all spells.
You miscast Scorch.
You are very lightly contaminated with residual magic.
Nothing appears to happen.
* * * LOW HITPOINT WARNING * * *
The centaur shoots an arrow.
The arrow hits you!
You die...

. .##.....### .. ........#
... ####>...## .... ##
#.##..## ..... ..# #. ##..#
....c.########.###... ##.#
...........c.......######..
.[.....####.[..............
.....). #@......########..
.)..... #.......# ###...
...o... #.......#####.....
....... ##............###.
......# ##..[...####### #.
.....# #.......# #.
#.......# ###. #.).....#
#... ##.....## ##.##


You could see a centaur (combustible).

Vanquished Creatures
  A water moccasin (D:4)
  A scorpion (D:4)
  An orc priest (D:3)
  An orc wizard (D:3)
  An adder (D:2)
  2 worms (D:2)
  A dart slug (D:1)
  13 orcs
  8 ball pythons
  5 endoplasms
  A giant cockroach (D:1)
  9 goblins
  6 hobgoblins
  2 jackals (D:3)
  2 quokkas
  4 bats
  3 frilled lizards
  7 kobolds
  3 rats
71 creatures vanquished.

Vanquished Creatures (others)
  18 foxfires
18 creatures vanquished.

Grand Total: 89 creatures vanquished

Notes
Turn   | Place    | Note
-------+----------+-------------------------------------------
     0 | D:1      | rubashov the Djinni Fire Elementalist began the quest for
                  | the Orb.
     0 | D:1      | rubashov set off with the following spells memorised:
                  | Foxfire, Scorch, Conjure Flame, Inner Flame, Flame Wave.
     0 | D:1      | Reached XP level 1. HP: 15/15 MP: 0/0
   438 | D:1      | Reached XP level 2. HP: 19/21 MP: 0/0
   792 | D:1      | Found a faded altar of an unknown god.
   796 | D:1      | Prayed at the altar of an unknown god.
   796 | D:1      | Became a worshipper of Ashenzari the Shackled
  1114 | D:2      | Reached skill level 3 in Spellcasting
  1216 | D:2      | Reached XP level 3. HP: 20/26 MP: 0/0
  1216 | D:2      | Learned a level 1 spell: Summon Small Mammal
  1821 | D:2      | Reached XP level 4. HP: 25/31 MP: 0/0
  2485 | D:3      | Found an iron altar of Okawaru.
  2840 | D:3      | Reached skill level 1 in Fighting
  2949 | D:3      | Reached XP level 5. HP: 10/37 MP: 0/0
  2949 | D:3      | Learned a level 2 spell: Static Discharge
  3549 | D:3      | Found a burning altar of Makhleb.
  3879 | D:3      | Reached skill level 4 in Spellcasting
  4052 | D:4      | Reached XP level 6. HP: 28/42 MP: 0/0
  4304 | D:4      | Noticed a water moccasin
  4309 | D:4      | Killed a water moccasin
  4686 | D:4      | Shot with an arrow by a centaur

Illustrated notes

Levels and vault maps discovered:
D:1:      lordsloth_arrival_two_stooges, layout_loops_ring,
          hellmonk_ecumenical_altar_heavens_door
D:2:      layout_basic, chequers_serial_rivers_small_b
D:3:      cheibrodos_pilgrimage, layout_loops_ring, okawaru_trees_1,
          bloody_makhleb
D:4:      layout_rooms, mainiacjoe_overflow_alcove_2, glass_columns_a

Skill      XL: |  1  2  3  4  5 |
---------------+----------------+-----
Spellcasting   | 3 4 |  4.8
Fighting       | 1 |  1.6
Dodging        | 3 |  3.4
Stealth        | |  1.5

Action                   |  1- 3 |  4- 6 || total
-------------------------+-------+-------++-------
Melee: Dagger            |    19 |    53 ||    72
 Cast: Foxfire           |     8 |     2 ||    10
       Scorch            |    23 |    39 ||    62
  Use: Scroll            |       |     6 ||     6
       Potion            |       |     2 ||     2
 Stab: Sleeping          |     1 |     5 ||     6
Armor: Robe              |     5 |     6 ||    11
Dodge: Dodged            |    12 |    50 ||    62

Table legend: (Time is in decaauts)
 A = Elapsed time spent in this place.
 B = Non-inter-level travel time spent in this place.
 C = Inter-level travel time spent in this place.
 D = Time resting spent in this place.
 E = Time spent auto-exploring this place.
 F = Levels seen in this place.
 G = Mean time per level.
                   A        B        C        D        E       F      G
               +--------+--------+--------+--------+--------+-----+--------+
         Total |   4684 |   4480 |    204 |   1847 |   2008 |   4 | 1171.0 |
       Dungeon |   4684 |   4480 |    204 |   1847 |   2008 |   4 | 1171.0 |
               +--------+--------+--------+--------+--------+-----+--------+

Top non-repeatable levels by time:
     D:3: 1857 daAuts
     D:1: 1101 daAuts
     D:2: 1085 daAuts
     D:4: 639 daAuts
